 Dungeon Crawl Stone Soup version 0.20.0-6-gd3061e9 (webtiles) character file.

445 manyhoops the Cudgeler (level 7, -3/71 HPs)
             Began as an Ogre Hunter on May 28, 2017.
             Slain by a centaur (9 damage)
             ... on level 4 of the Dungeon.
             The game lasted 00:09:43 (5676 turns).

manyhoops the Cudgeler (Ogre Hunter)                Turns: 5676, Time: 00:09:44

Health: -3/71      AC:  3    Str: 19    XL:     7   Next: 3%
Magic:  7/7        EV: 10    Int: 12    God:
Gold:   191        SH:  0    Dex:  9    Spells: 6/6 levels left

rFire    . . .     SeeInvis .   y - +0 mace
rCold    . . .     Gourm    .   (no shield)
rNeg     . . .     Faith    .   b - +0 robe
rPois    .         Spirit   .   (helmet restricted)
rElec    .         Reflect  .   (no cloak)
rCorr    .         Harm     .   (gloves unavailable)
MR       .....                  (boots unavailable)
Stlth    +.........             (no amulet)
Regen    0.3/turn               (no ring)
MPRegen  0.1/turn               (no ring)

@: no status effects
A: unfitting armour, tough skin 1
a: no special abilities


You were on level 4 of the Dungeon.
You were hungry.

You visited 1 branch of the dungeon, and saw 4 of its levels.

You collected 191 gold pieces.

Inventory:

Hand Weapons
 a - a +0 short sword
 c - a +1 giant spiked club
 e - a +0 club
 y - a +0 mace (weapon)
Missiles
 g - 88 stones (quivered)
Armour
 b - a +0 robe (worn)
Wands
 v - a wand of random effects (7/48)
Scrolls
 l - a scroll of enchant weapon
 o - a scroll of enchant armour {unknown}
 p - a scroll of teleportation {unknown}
 r - 2 scrolls of magic mapping {unknown}
 w - a scroll of noise
 B - a scroll of recharging
 C - 2 scrolls of blinking
 D - a scroll of remove curse {unknown}
Potions
 h - 2 potions of magic
 i - a potion of agility {unknown}
 j - a potion of heal wounds
 q - a potion of flight
 u - a potion of cancellation {unknown}
 x - a potion of mutation {unknown}
 A - a potion of curing
Books
 d - a book of Conjurations

   Spells                             Type                      Level
   a - Magic Dart                     Conjuration                  1
   b - Searing Ray                    Conjuration                  2
   c - Dazzling Spray                 Conjuration/Hexes            3
   d - Fulminant Prism                Conjuration/Hexes            4
   e - Force Lance                    Conjuration/Translocation    4
   f - Iskenderun's Mystic Blast      Conjuration                  4
 z - Sif Muna's Grimoire of Creation
   (You found it on level 3 of the Dungeon)

   Spells                             Type                      Level
   a - Summon Butterflies             Summoning                    1
Comestibles
 f - 3 bread rations
 n - 2 meat rations
 s - 6 fruits


   Skills:
 - Level 4.9 Fighting
 + Level 5.5 Maces & Flails
 - Level 4.1 Throwing
 - Level 1.7 Dodging
 - Level 0.6 Stealth


You had 6 spell levels left.
You didn't know any spells.

Dungeon Overview and Level Annotations

Branches:
Dungeon (4/15)
 Temple: D:4-7

Altars:
Dithmenos
Sif Muna
Zin

Annotations:
D:4 Ijyb


Innate Abilities, Weirdness & Mutations

You are too large for most types of armour.
You have tough skin. (AC +1)


Message History

The centaur is severely wounded.
The centaur hits you. x2
You hit the centaur.
The centaur is almost dead.
The centaur hits you. The centaur hits you!
You are feeling hungry.
You hit the centaur but do no damage.
The centaur is almost dead.
The centaur hits you! x2
* * * LOW HITPOINT WARNING * * *
You hit the centaur.
The centaur is almost dead.
The centaur hits you!
* * * LOW HITPOINT WARNING * * *
You closely miss the centaur.
The centaur is almost dead.
The centaur hits you!
* * * LOW HITPOINT WARNING * * *
The centaur hits you!
You die...

.....##..c.....# #
.....##........# ##
.....##........# #.
.....##........# .. #.
.....##........###.... ###.
.....##..(# #...'.... #...
.....##...# #(# #...
.....##...####.#######+# #...
.............#.c@....#.# #...
####.........#######.#.##....#...
#...............#.##.#.#..). #...
#.#.........[...#..).#.#...# #...
..#.########.##...####.#...# #...
..............#......#.#...# ####
###.################.#.#...#
#................)...#...#
##################.###...######


You could see a centaur.

Vanquished Creatures
  An ogre (D:4)
  An orc priest (D:3)
  An orc wizard (D:3)
  A worker ant (D:4)
  Natasha (thrice) (D:2)
  2 gnolls
  5 adders
  An ooze (D:2)
  An adder skeleton (D:4)
  A worm (D:4)
  A dart slug (D:3)
  6 leopard geckos
  7 orcs
  2 giant cockroaches
  8 goblins
  8 hobgoblins
  13 jackals
  8 kobolds
  3 quokkas
  7 bats
  8 frilled lizards
  5 rats
93 creatures vanquished.

Vanquished Creatures (others)
  An orc wizard (D:3)
1 creature vanquished.

Grand Total: 94 creatures vanquished

Notes
Turn   | Place    | Note
-------+----------+-------------------------------------------
     0 | D:1      | manyhoops the Ogre Hunter began the quest for the Orb.
     0 | D:1      | Reached XP level 1. HP: 22/22 MP: 1/1
   540 | D:1      | Reached skill level 1 in Maces & Flails
   540 | D:1      | Reached XP level 2. HP: 26/29 MP: 2/2
   977 | D:1      | Reached XP level 3. HP: 37/37 MP: 3/3
  1461 | D:1      | Reached skill level 2 in Maces & Flails
  2041 | D:2      | Reached XP level 4. HP: 37/48 MP: 4/4
  2230 | D:2      | Reached skill level 3 in Maces & Flails
  2513 | D:2      | Found a glowing silver altar of Zin.
  2788 | D:2      | Noticed Natasha
  2790 | D:2      | Killed Natasha
  2790 | D:2      | Reached XP level 5. HP: 54/54 MP: 5/5
  2979 | D:2      | Noticed Natasha
  2980 | D:2      | Killed Natasha
  3004 | D:2      | Noticed Natasha
  3007 | D:2      | Killed Natasha
  3200 | D:3      | Reached skill level 4 in Maces & Flails
  3580 | D:3      | Reached XP level 6. HP: 63/63 MP: 6/6
  3997 | D:3      | Found a deep blue altar of Sif Muna.
  4482 | D:3      | Identified Sif Muna's Grimoire of Creation
  4548 | D:4      | Reached skill level 5 in Maces & Flails
  4949 | D:4      | Found a shadowy altar of Dithmenos.
  5225 | D:4      | Reached XP level 7. HP: 51/71 MP: 7/7
  5273 | D:4      | Noticed Ijyb
  5676 | D:4      | Slain by a centaur

Skill      XL: |  1  2  3  4  5  6 |
---------------+-------------------+-----
Maces & Flails | 1 2 3 4 5 |  5.5
Fighting       | 3 4 |  4.9
Throwing       | |  4.1
Dodging        | |  1.7
Stealth        | |  0.6

Action                   |  1- 3 |  4- 6 |  7- 9 || total
-------------------------+-------+-------+-------++-------
Melee: Club              |   127 |   118 |       ||   245
       Short sword       |     5 |       |       ||     5
       Mace              |       |    98 |    16 ||   114
Throw: Large rock        |    15 |    17 |     1 ||    33
       Stone             |       |    75 |       ||    75
       Throwing net      |       |     2 |       ||     2
  Use: Scroll            |       |     7 |     1 ||     8
       Potion            |       |     5 |       ||     5
 Stab: Sleeping          |     2 |     1 |       ||     3
       Held in net/web   |       |     1 |       ||     1
  Eat: Chunk             |     4 |    10 |     1 ||    15
Armor: Robe              |    77 |    47 |     2 ||   126
Dodge: Dodged            |   119 |   138 |     4 ||   261
